 Dungeon Crawl Stone Soup version 0.27-a0-1187-ge80a49f48c (webtiles) character file.

Game seed: 11158107493906437226

1181 Ijustatesigmund the Cleaver (level 8, -6/73 HPs)
             Began as a Hill Orc Fighter on May 20, 2021.
             Mangled by an ogre
             ... wielding a +0 giant spiked club
              (19 damage)
             ... on level 5 of the Dungeon.
             The game lasted 00:07:50 (5127 turns).

Ijustatesigmund the Cleaver (Hill Orc Fighter)      Turns: 5127, Time: 00:07:51

Health: -6/73      AC: 12    Str: 19    XL:     8   Next: 42%
Magic:  8/8        EV:  3    Int:  8    God:
Gold:   186        SH:  0    Dex: 18    Spells: 4/7 levels left

rFire    . . .     SeeInvis .   a - +0 war axe
rCold    . . .     Faith    .   c - +0 kite shield
rNeg     . . .     Spirit   .   b - +0 plate armour
rPois    .         Reflect  .   (no helmet)
rElec    .         Harm     .   t - scarf {+Inv}
rCorr    .         Rampage  .   (no gloves)
Will     .....     Clarity  +   (no boots)
Stlth    ..........             v - amulet of the acrobat
HPRegen  0.22/turn              e - +6 ring of dexterity
MPRegen  0.11/turn              (no ring)

@: confused, ambrosia-drunk
A: hooves 1, clarity, screaming 1
a: Evoke Invisibility


You were on level 5 of the Dungeon.
You visited 1 branch of the dungeon, and saw 5 of its levels.

You collected 186 gold pieces.

Inventory:

Hand Weapons
 a - a +0 war axe (weapon)
 g - a +1 whip of electrocution
Missiles
 u - a curare-tipped dart (quivered)
Armour
 b - a +0 plate armour (worn)
 c - a +0 kite shield (worn)
 t - a scarf of invisibility (worn)
Jewellery
 e - a +6 ring of dexterity (left hand)
 n - an amulet of faith
 v - an amulet of the acrobat (around neck)
Wands
 r - a wand of iceblast (6)
Scrolls
 p - 3 scrolls of identify
Potions
 d - 3 potions of attraction
 f - 2 potions of heal wounds {unknown}
 h - 4 potions of curing
 i - 2 potions of mutation
 j - 3 potions of ambrosia
 k - 2 potions of brilliance {unknown}
 l - a potion of degeneration {unknown}
 m - a potion of lignification {unknown}
 o - 4 potions of flight {unknown}
 q - a potion of cancellation {unknown}
 s - a potion of haste {unknown}


   Skills:
 + Level 7.0 Fighting
 * Level 9.7 Axes
 + Level 5.8 Armour
 - Level 3.2 Shields


You had 4 spell levels left.
You knew the following spells:

 Your Spells              Type           Power      Damage    Failure   Level
a - Magic Dart            Conj           0%         1d3       100%        1
b - Blink                 Tloc           N/A        N/A       100%        2

Your spell library contained the following spells:

 Spells                   Type           Power      Damage    Failure   Level
 Call Imp                 Summ           0%         N/A       100%        2
 Searing Ray              Conj           0%         3d3       100%        2
 Slow                     Hex            0%         N/A       100%        2
 Conjure Flame            Conj/Fire      0%         6-21      100%        3
 Dazzling Flash           Conj/Hex       0%         N/A       100%        3
 Mephitic Cloud           Conj/Pois/Air  0%         N/A       100%        3
 Fulminant Prism          Conj/Hex       0%         3d6       100%        4
 Iskenderun's Mystic Bla  Conj/Tloc      0%         2d3       100%        4


Dungeon Overview and Level Annotations

Branches:
Dungeon (5/15)             Temple (0/1) D:4

Altars:
Ashenzari
Gozag
Kikubaaqudgha
Makhleb
Okawaru
Qazlal
Sif Muna
Vehumet
Xom


Innate Abilities, Weirdness & Mutations

You have large cloven feet.
You possess an exceptional clarity of mind.
You occasionally shout uncontrollably at your foes.


Message History

The ice beast hits you. The ice beast freezes you!
You are too injured to fight recklessly!
You are too injured to fight recklessly!
You are too injured to fight recklessly!
You are too injured to fight recklessly!
You are too injured to fight recklessly!
You are too injured to fight recklessly!
You are too injured to fight recklessly!
You are too injured to fight recklessly!
You are too injured to fight recklessly!
You are too injured to fight recklessly!
You are too injured to fight recklessly!
You are too injured to fight recklessly!
You hit the ice beast but do no damage.
The ice beast is almost dead.
You block the ice beast's attack.
You closely miss the ice beast.
The ice beast is almost dead.
You block the ice beast's attack. The ice beast hits you.
The ice beast freezes you.
* * * LOW HITPOINT WARNING * * *
You slash the ice beast!
You kill the ice beast!
Your Fighting skill increases to level 7!
An ogre comes into view. It is wielding a +0 giant spiked club.
The ogre shouts!
The ogre moves out of view.
You block the ogre's attack.
Okay, then.
It was a potion of curing.
You feel better.
The ogre hits you with a +0 giant spiked club!!
* * * LOW HITPOINT WARNING * * *
It was a potion of mutation.
You feel extremely strange.
You feel the urge to shout.
Your thoughts seem clearer.
Your feet thicken and deform.
It was a potion of ambrosia.
You are confused.
You feel invigorated.
The ogre hits you with a +0 giant spiked club!!
You die...

#.......... #.#.#.###...###
#.....# ..)..# #...... .....
##.....# ... ......# ...
..#####.### ......O...# ###@#.#
#...#.###### #.###......#
###'###......# #.....'......#
####. #.....#......#####....
############.....##...........###
#..........>.....###########..#..
#......................# #..#..


You could see an ogre.

Vanquished Creatures
  A water moccasin (D:5)
  An ice beast (D:5)
  A necrophage (D:4)
  A centaur (D:4)
  A kobold brigand (D:4)
  A gnoll sergeant (D:4)
  A water moccasin skeleton (D:5)
  A hound (D:5)
  2 bullfrog skeletons (D:5)
  2 orc priests
  2 jellies (D:4)
  3 iguanas
  Ijyb (D:5)
  An orc wizard (D:5)
  A hound skeleton (D:4)
  Robin (D:2)
  6 adders
  11 gnolls
  An ufetubus (D:4)
  An adder skeleton (D:4)
  2 worms
  3 dart slugs
  13 orcs
  6 ball pythons
  6 endoplasms
  5 giant cockroaches
  15 goblins
  7 hobgoblins
  5 jackals (D:1)
  5 kobolds
  3 quokkas
  A bat (D:1)
  A frilled lizard (D:2)
  2 rats (D:3)
  A bush (D:3)
115 creatures vanquished.

Vanquished Creatures (others)
  10 plants
  13 withered plants (D:1)
23 creatures vanquished.

Grand Total: 138 creatures vanquished

Notes
Turn   | Place    | Note
-------+----------+-------------------------------------------
     0 | D:1      | Ijustatesigmund the Hill Orc Fighter began the quest for
                  | the Orb.
     0 | D:1      | Reached XP level 1. HP: 19/19 MP: 1/1
   117 | D:1      | Reached skill level 3 in Axes
   278 | D:1      | Found a faded altar of an unknown god.
   530 | D:1      | Reached XP level 2. HP: 27/27 MP: 2/2
   877 | D:1      | Reached skill level 4 in Axes
   881 | D:1      | Reached XP level 3. HP: 33/33 MP: 3/3
  1038 | D:2      | Noticed Robin
  1440 | D:2      | Reached XP level 4. HP: 37/41 MP: 4/4
  1444 | D:2      | Killed Robin
  1445 | D:2      | Reached skill level 5 in Axes
  1562 | D:2      | Found a shimmering altar of Xom.
  1797 | D:2      | You fall into a shaft and drop 1 floor!
  2142 | D:3      | Found a broken altar of Ashenzari.
  2175 | D:3      | Reached XP level 5. HP: 39/47 MP: 5/5
  2262 | D:4      | Found a staircase to the Ecumenical Temple.
  2267 | D:4      | Noticed a necrophage
  2275 | D:4      | Killed a necrophage
  2276 | D:4      | Reached skill level 5 in Fighting
  2276 | D:4      | Reached skill level 6 in Axes
  2338 | D:3      | Reached XP level 6. HP: 40/56 MP: 6/6
  2980 | D:4      | Found an ancient bone altar of Kikubaaqudgha.
  2985 | D:4      | Found a shimmering blue altar of Sif Muna.
  2987 | D:4      | Found a radiant altar of Vehumet.
  2991 | D:4      | Identified Vehumet's Papyrus of Attacks
  3112 | D:4      | Reached skill level 7 in Axes
  3281 | D:4      | Reached XP level 7. HP: 43/62 MP: 7/7
  3701 | D:4      | Reached skill level 8 in Axes
  4197 | D:5      | Entered Level 5 of the Dungeon
  4245 | D:5      | Found an iron altar of Okawaru.
  4245 | D:5      | Found a burning altar of Makhleb.
  4245 | D:5      | Found a stormy altar of Qazlal.
  4279 | D:5      | Reached skill level 5 in Armour
  4286 | D:5      | Noticed Ijyb
  4311 | D:5      | Killed Ijyb
  4581 | D:5      | Found an opulent altar of Gozag.
  4673 | D:5      | Reached skill level 9 in Axes
  4673 | D:5      | Reached XP level 8. HP: 65/71 MP: 8/8
  4778 | D:5      | Learned a level 1 spell: Magic Dart
  4781 | D:5      | Learned a level 2 spell: Blink
  5126 | D:5      | Gained mutation: You occasionally shout uncontrollably at
                  | your foes. [potion of mutation]
  5126 | D:5      | Gained mutation: You possess an exceptional clarity of
                  | mind. [potion of mutation]
  5126 | D:5      | Gained mutation: You have large cloven feet. [potion of
                  | mutation]
  5127 | D:5      | Mangled by an ogre

Illustrated notes

Levels and vault maps discovered:
D:1:      sevenhm_arrival_forest_fort_large_4, layout_loops_ring,
          shapermc_ecumenical_altar_flowoftime
D:2:      layout_rooms, basic_altar, uniq_robin
D:3:      layout_rooms, cheibrodos_ashenzari_chains, serial_forest,
          infiniplex_forest_diagonal, infiniplex_forest_zigzag_2,
          infiniplex_forest_clump_small, infiniplex_forest_clump_cross,
          infiniplex_forest_end_3, infiniplex_forest_clump_curved,
          infiniplex_forest_end_1
D:4:      layout_basic, grunt_temple_overflow_magic_moments,
          minmay_temple_entry_large_hall, minmay_cupped
D:5:      layout_basic, gammafunk_temple_overflow_forgotten,
          grunt_gozag_statues, st_stairs_3, hangedman_decor_lopped,
          kennysheep_flooded_box, minmay_splitting_lines,
          minmay_manual_macuahuitl, uniq_ijyb

Skill      XL: |  1  2  3  4  5  6  7  8 |
---------------+-------------------------+-----
Axes           | 3 4 5 6 7 9 |  9.7
Fighting       | 4 5 6 7 |  7.0
Armour         | 4 5 |  5.8
Shields        | |  3.2

Action                   |  1- 3 |  4- 6 |  7- 9 || total
-------------------------+-------+-------+-------++-------
Melee: War axe           |   102 |   188 |   134 ||   424
Throw: Dart              |       |       |     1 ||     1
  Use: Scroll            |     2 |     4 |       ||     6
       Potion            |     1 |       |     3 ||     4
Armor: Scale mail        |    67 |     3 |       ||    70
       Plate armour      |       |   106 |    53 ||   159
Dodge: Dodged            |    40 |    23 |    12 ||    75
Block: Kite shield       |    64 |   109 |    79 ||   252

Table legend: (Time is in decaauts)
 A = Elapsed time spent in this place.
 B = Non-inter-level travel time spent in this place.
 C = Inter-level travel time spent in this place.
 D = Time resting spent in this place.
 E = Time spent auto-exploring this place.
 F = Levels seen in this place.
 G = Mean time per level.
                   A        B        C        D        E       F      G
               +--------+--------+--------+--------+--------+-----+--------+
         Total |   5312 |   5180 |    132 |    808 |   3308 |   5 | 1062.4 |
       Dungeon |   5312 |   5180 |    132 |    808 |   3308 |   5 | 1062.4 |
               +--------+--------+--------+--------+--------+-----+--------+

Top non-repeatable levels by time:
     D:4: 1514 daAuts
     D:1: 1476 daAuts
     D:3: 970 daAuts
     D:5: 956 daAuts
     D:2: 394 daAuts
